 Dungeon Crawl Stone Soup version 0.23.0 (webtiles) character file.

Game seed: 305934576770136300

258 Kairos the Chopper (level 6, -2/32 HPs)
             Began as a Vine Stalker Fighter on Feb 10, 2019.
             Slain by an adder (4 damage)
             ... on level 4 of the Dungeon.
             The game lasted 00:03:24 (3016 turns).

Kairos the Chopper (Vine Stalker Fighter)           Turns: 3016, Time: 00:03:25

Health: -2/32      AC:  6    Str: 26    XL:     6   Next: 16%
Magic:  0/7        EV:  8    Int:  8    God:
Gold:   174        SH: 10    Dex: 13    Spells: 5/5 levels left

rFire    . . .     SeeInvis .   a - +0 war axe
rCold    . . .     Gourm    .   c - +0 shield
rNeg     . . .     Faith    +   b - +0 scale mail
rPois    .         Spirit   +   (no helmet)
rElec    .         Reflect  .   (no cloak)
rCorr    .         Harm     .   (no gloves)
MR       +....                  (no boots)
Stlth    ..........             s - amulet of faith
HPRegen  0.50/turn              l - ring of protection from magic
MPRegen  0.10/turn              (no ring)

@: mighty
A: fangs 2, regeneration 1, magic shield, antimagic bite, no potion heal 3, rot
immunity
a: no special abilities


You were on level 4 of the Dungeon.
You were hungry.

You visited 1 branch of the dungeon, and saw 4 of its levels.

You collected 174 gold pieces.

Inventory:

Hand Weapons
 a - a +0 war axe (weapon)
Armour
 b - a +0 scale mail (worn)
 c - a +0 shield (worn)
Jewellery
 l - a ring of protection from magic (left hand)
 s - an amulet of faith (around neck)
Wands
 t - a wand of scattershot (5)
Scrolls
 e - 2 scrolls of fog {unknown}
 m - a scroll of fear {unknown}
 n - a scroll of blinking {unknown}
 o - a scroll of amnesia {unknown}
 p - 2 scrolls of enchant armour {unknown}
 u - 3 scrolls of identify {unknown}
 v - a scroll of magic mapping {unknown}
Potions
 g - 4 potions of curing
 h - a potion of heal wounds {unknown}
 i - a potion of resistance {unknown}
 j - a potion of ambrosia {unknown}
 k - 2 potions of lignification {unknown}
 q - a potion of degeneration {unknown}
 r - a potion of haste {unknown}
 w - a potion of brilliance {unknown}
Comestibles
 f - 8 rations


   Skills:
 + Level 3.3 Fighting
 + Level 3.9 Axes
 + Level 3.3 Armour
 + Level 1.0 Dodging
 + Level 3.4 Shields


You had 5 spell levels left.
You didn't know any spells.
Your spell library was empty.

Dungeon Overview and Level Annotations

Branches:
Dungeon (4/15)
 Temple: D:4-7

Altars:
Elyvilon
Fedhas
Qazlal
Sif Muna
Uskayaw
Wu Jian
Zin
The Shining One

Annotations:
D:4 Grinder


Innate Abilities, Weirdness & Mutations

You have extremely sharp teeth.
Your natural rate of healing is unusually fast.
When hurt, damage is shared between your health and your magic reserves.
Your bite disrupts and absorbs the magic of your enemies.
Potions cannot restore your health.
You are immune to rotting.


Message History

You feel very mighty all of a sudden. Grinder barely misses you.
The adder bites you.
You closely miss Grinder. You bite Grinder.
Grinder's magic leaks into the air.
You drain her magic.
You feel invigorated.
Grinder is moderately wounded.
You closely miss the adder. You block the adder's attack. Grinder hits you!
You writhe in agony.
* * * LOW HITPOINT WARNING * * *
The adder closely misses you. Grinder hits you!
* * * LOW HITPOINT WARNING * * *
You writhe in agony.
You slice Grinder!! Your bite misses Grinder.
Grinder is almost dead.
You miss the adder. The adder bites you but does no damage.
Grinder falters for a moment.
The adder closely misses you.
You hit Grinder. Your bite misses Grinder.
Grinder is almost dead.
You barely miss the adder. You block Grinder's attack.
The adder closely misses you. The adder bites you.
You die...

.........#...... ###....
.....#..# ..
.#....####....#..# #.###
.#.......##......##.....
.........##...........#
................#....###
......# ###..........#
......# #.............
....#..# ##.#>.@S......
##..#..... #.#...5......
##.....#...#.#.....%....
##...[....##.##.........
###.##... #...#.........
.##.. #...##†##.........
.....# ..##...##).......
##..## ##..#..#........
....## ..##...##


You could see Grinder and an adder.

Vanquished Creatures
  A bullfrog (D:4)
  A bullfrog skeleton (D:3)
  A worker ant (D:4)
  3 gnolls (D:4)
  4 adders
  An ooze (D:3)
  2 worms (D:2)
  A dart slug (D:1)
  2 leopard geckos (D:4)
  An orc (D:3)
  4 giant cockroaches
  3 hobgoblins
  3 jackals (D:3)
  A quokka (D:3)
  A ball python skeleton (D:4)
  13 bats
  4 frilled lizards
  7 goblins
  16 kobolds
  6 rats
75 creatures vanquished.

Notes
Turn   | Place    | Note
-------+----------+-------------------------------------------
     0 | D:1      | Kairos the Vine Stalker Fighter began the quest for the
                  | Orb.
     0 | D:1      | Reached XP level 1. HP: 11/11 MP: 2/2
    57 | D:1      | Reached XP level 2. HP: 14/16 MP: 3/3
   621 | D:1      | Reached XP level 3. HP: 20/20 MP: 4/4
   720 | D:2      | Found a hide-covered altar of Uskayaw.
   720 | D:2      | Found an ornate altar of the Wu Jian Council.
  1086 | D:2      | Gained mutation: Your natural rate of healing is unusually
                  | fast. [Vine Stalker growth]
  1086 | D:2      | Reached XP level 4. HP: 24/24 MP: 5/5
  1141 | D:2      | Found a glowing golden altar of the Shining One.
  1141 | D:2      | Found a glowing silver altar of Zin.
  1150 | D:2      | Found a deep blue altar of Sif Muna.
  1679 | D:3      | Found a blossoming altar of Fedhas.
  1679 | D:3      | Found a stormy altar of Qazlal.
  1747 | D:3      | Found a white marble altar of Elyvilon.
  1968 | D:3      | Reached XP level 5. HP: 28/28 MP: 6/6
  2859 | D:4      | Reached XP level 6. HP: 22/32 MP: 7/7
  2961 | D:4      | Reached skill level 1 in Dodging
  3001 | D:4      | Noticed Grinder
  3014 | D:4      | HP: 1/32 [Grinder (7)]
  3016 | D:4      | Slain by an adder

Skill      XL: |  1  2  3  4  5  6 |
---------------+-------------------+-----
Axes           | 2 3 |  3.9
Fighting       | 3 |  3.3
Shields        | 3 |  3.4
Armour         | 3 |  3.3
Dodging        | 1 |  1.0

Action                   |  1- 3 |  4- 6 || total
-------------------------+-------+-------++-------
Melee: War axe           |    75 |   118 ||   193
       Bite              |    23 |    35 ||    58
  Use: Scroll            |     1 |       ||     1
       Potion            |     1 |     1 ||     2
  Eat: Chunk             |       |     6 ||     6
Armor: Scale mail        |    36 |    83 ||   119
Dodge: Dodged            |    23 |    52 ||    75
Block: Shield            |    33 |    91 ||   124
